 Dungeon Crawl Stone Soup version 0.32-a0-391-gce5c0aab1b (webtiles) character file.

Game seed: 14415365775139218588

303377 ragingrage the Spry (level 19, -11/172 HPs)
             Began as a Demigod Brigand on Feb 19, 2024.
             Killed from afar by a spellforged servitor (27 damage)
             ... summoned by Frederick
             ... on level 3 of the Vaults.
             The game lasted 01:19:34 (61217 turns).

ragingrage the Spry (Demigod Brigand)              Turns: 61217, Time: 01:19:35

Health: -11/172    AC: 30    Str: 12    XL:     19   Next: 45%
Magic:  13/32      EV: 38    Int: 23    God:
Gold:   2432       SH:  9    Dex: 35    Spells: 7/30 levels left

rFire   + . .        a - +5 scimitar (pain)
rCold   + . .        y - +2 buckler "Yryeddo" {rF+ Will+}
rNeg    + + .        U - melded +5 ring mail of Qiruwunn {rElec}
rPois   ∞            K - +2 hat {SInv}
rElec   +            c - +2 cloak
rCorr   +            Y - melded +2 pair of gloves
SInv    +            f - melded +2 pair of boots {rampage}
Will    ++...        D - amulet "Oxiseb" {Regen+ rCorr Int+6}
Stlth   ++++         u - ring of protection from cold
HPRegen 1.28/turn    m - ring of Uskayaw's Favour {Fly rN+ rCorr EV+5}
MPRegen 0.23/turn

%: no passive effects
@: statue-form, flying, very slow
A: slow and powerful, torment resistance 1, high MP 1, forlorn, divine
attributes, deterioration 1
}: 2/15 runes: decaying, gossamer
a: Begin Untransformation


You were on level 3 of the Vaults.
You were a living statue of rough stone.
You visited 7 branches of the dungeon, and saw 36 of its levels.
You also visited: Bailey and Ice Cave.

You collected 4010 gold pieces.
You spent 1578 gold pieces at shops.

Inventory:

Hand Weapons
 a - a +5 scimitar of pain (weapon)
 d - a +0 dagger of draining
Missiles
 e - 12 curare-tipped darts
 H - 2 throwing nets
Armour
 c - a +2 cloak (worn)
 f - a +2 pair of boots of rampaging (melded)
 y - the +2 buckler "Yryeddo" (worn) {rF+ Will+}
   (You acquired it on level 7 of the Dungeon)

   rF+:       It protects you from fire.
   Will+:     It increases your willpower.
 K - a +2 hat of see invisible (worn)
 U - the +5 ring mail of Qiruwunn (melded) {rElec}
   (You found it on level 9 of the Dungeon)

   rElec:     It insulates you from electricity.
 Y - a +2 pair of gloves (melded)
Jewellery
 m - the ring of Uskayaw's Favour (right fist) {Fly rN+ rCorr EV+5}
   (You took it off a tengu reaver on level 2 of the Vaults)

   [ring of evasion]

   EV+5:      It affects your evasion (+5).
   rN+:       It protects you from negative energy.
   Fly:       It grants you flight.
   rCorr:     It protects you from acid and corrosion.
 u - a ring of protection from cold (left fist)
 C - a ring of poison resistance
 D - the amulet "Oxiseb" (around neck) {Regen+ rCorr Int+6}
   (You bought it in a shop on level 2 of the Orcish Mines)

   [amulet of regeneration]

   Int+6:     It affects your intelligence (+6).
   Regen+:    It increases your rate of health regeneration.
   rCorr:     It protects you from acid and corrosion.
 Q - a ring of protection from fire
Talismans
 b - a granite talisman (active)
Wands
 o - a wand of polymorph (24)
 q - a wand of digging (14)
 J - a wand of mindburst (18)
 O - a wand of paralysis (41)
 P - a wand of acid (31)
 V - a wand of flame (79)
 X - a wand of roots (56)
Scrolls
 g - 16 scrolls of teleportation
 h - 6 scrolls of blinking
 s - 8 scrolls of vulnerability
 t - 5 scrolls of immolation
 v - 8 scrolls of poison
 w - a scroll of revelation
 x - 12 scrolls of noise
 A - a scroll of torment
 E - a scroll of acquirement
 F - 2 scrolls of fear
 G - 4 scrolls of summoning
 N - 7 scrolls of fog
Potions
 i - 7 potions of brilliance
 j - 9 potions of lignification
 k - 4 potions of enlightenment
 l - 5 potions of heal wounds
 n - 4 potions of ambrosia
 p - 2 potions of berserk rage
 r - 8 potions of haste
 B - 14 potions of curing
 I - 7 potions of invisibility
 L - 3 potions of might
 M - 4 potions of cancellation
 R - 6 potions of mutation
 S - 2 potions of resistance
 T - 3 potions of attraction
 W - 5 potions of magic
Miscellaneous
 z - a lightning rod (4/4)
 Z - a tin of tremorstones (inert)


   Skills:
 - Level 12.0 Fighting
 - Level 10.0(12.7) Short Blades
 - Level 12.6(14.0) Long Blades
 - Level 1.7 Throwing
 - Level 5.5 Armour
 - Level 16.0 Dodging
 - Level 3.6 Stealth
 - Level 3.0 Shields
 - Level 6.0 Spellcasting
 - Level 6.0 Hexes
 + Level 9.0 Necromancy
 - Level 11.0 Translocations
 - Level 4.0 Ice Magic
 + Level 4.0 Earth Magic
 - Level 10.0 Evocations
 + Level 14.2 Shapeshifting


You had 7 spell levels left.
You knew the following spells:

 Your Spells              Type           Power      Damage    Failure   Level
a - Fugue of the Fallen   Necr           48%        N/A       1%          3
b - Confusing Touch       Hex            34%        N/A       3%          3
c - Ozocubu's Armour      Ice            25%        N/A       7%          3
d - Manifold Assault      Tloc           55%        N/A       1%          4
e - Ensorcelled Hibernat  Hex/Ice        58%        N/A       2%          2
f - Borgnjor's Vile Clut  Necr/Erth      18%        N/A       22%         5
g - Passwall              Erth           25%        N/A       7%          3

Your spell library contained the following spells:

 Spells                   Type           Power      Damage    Failure   Level
 Apportation              Tloc           100%       N/A       1%          1
 Necrotise                Necr           100%       1d9       1%          1
 Slow                     Hex            100%       N/A       1%          1
 Jinxbite                 Hex            68%        N/A       1%          2
 Momentum Strike          Conj/Tloc      64%        3d9       1%          2
 Vampiric Draining        Necr           48%        2d9       1%          3
 Sandblast                Erth           50%        2d12      2%          1
 Sigil of Binding         Hex            34%        N/A       3%          3
 Volatile Blastmotes      Fire/Tloc      64%        2d15      3%          3
 Cigotuvi's Dreadful Rot  Necr/Alch/Air  40%        N/A       4%          2
 Anguish                  Hex/Necr       20%        N/A       5%          4
 Frozen Ramparts          Ice            50%        1d8       7%          3
 Dazzling Flash           Conj/Hex       40%        N/A       10%         3
 Cause Fear               Hex            17%        N/A       10%         4
 Foxfire                  Conj/Fire      24%        2x1d5     12%         1
 Magic Dart               Conj           24%        1d4       12%         1
 Shock                    Conj/Air       24%        1d4       12%         1
 Sting                    Conj/Alch      24%        1d4       12%         1
 Summon Small Mammal      Summ           24%        N/A       12%         1
 Vhi's Electric Charge    Tloc/Air       64%        N/A       12%         4
 Stone Arrow              Conj/Erth      32%        3d9       16%         3
 Searing Ray              Conj           12%        2d4       17%         2
 Mephitic Cloud           Conj/Alch/Air  6%         N/A       34%         3
 Swiftness                Air            6%         N/A       34%         3
 Metabolic Englaciation   Hex/Ice        14%        N/A       38%         5
 Animate Armour           Summ/Erth      32%        N/A       45%         4
 Brom's Barrelling Bould  Conj/Erth      16%        2d4       45%         4
 Leda's Liquefaction      Alch/Erth      8%         N/A       45%         4
 Petrify                  Alch/Erth      16%        N/A       45%         4
 Lee's Rapid Deconstruct  Erth           12%        3d9*      52%         5
 Yara's Violent Unravell  Hex/Alch       10%        3d6       67%         5
 Fulminant Prism          Conj/Alch      3%         3d5       75%         4
 Summon Lightning Spire   Summ/Air       6%         N/A       75%         4
 Freezing Cloud           Conj/Ice/Air   6%         6-21      88%         5
 Alistair's Intoxication  Alch           4%         N/A       97%         5
 Arcjolt                  Conj/Air       3%         1d13      97%         5
 Fireball                 Conj/Fire      3%         3d4       97%         5
 Eringya's Noxious Bog    Alch           3%         4d6       100%        6
 Plasma Beam              Fire/Air       3%         2x1d13    100%        6
 Starburst                Conj/Fire      3%         6d3       100%        6
 Enfeeble                 Hex            17%        N/A       100%        7
 Haunt                    Necr/Summ      13%        N/A       100%        7
 Malign Gateway           Summ/Tloc      16%        N/A       100%        7
 Monstrous Menagerie      Summ           3%         N/A       100%        7
 Ozocubu's Refrigeration  Ice            12%        4d10      100%        7
 Maxwell's Capacitive Co  Air            3%         ∞         100%        8
 Dragon's Call            Summ           3%         N/A       100%        9
 Fire Storm               Conj/Fire      3%         8d1       100%        9
 Shatter                  Erth           12%        3d13*     100%        9


Dungeon Overview and Level Annotations

Branches:
Dungeon (15/15)            Temple (0/1) D:7            Lair (5/5) D:9
  Swamp (4/4) Lair:3       Spider (4/4) Lair:3        Slime (0/5) Lair:5
    Orc (2/2) D:12            Elf (3/3) Orc:2        Vaults (3/5) D:13
  Crypt (0/3) Vaults:2     Depths (0/4) D:15         Bailey (visited)
  IceCv (visited)

Shops:
D:2 *   D:5 [   D:12 (   D:14 (   Orc:2 *[=(   Elf:1 ?   Vaults:2 ?

Portals:
Trove: D:14 (give 2 scrolls of acquirement)

Annotations:
Lair:1 4 runed translucent doors
Swamp:1 exclusion: downstairs
Swamp:2 2 transporters, Soafokuo's ghost, journeyman FeDe
Elf:2 3 runed translucent doors
Vaults:1 3 runed translucent doors, exclusion: downstairs
Vaults:2 Mennas
Vaults:3 Frederick


Innate Abilities, Weirdness & Mutations

You are a living statue of rough stone.
Your actions are slow, but your melee attacks are powerful.
You are resistant to unholy torment.
Your equipment is partially melded.
You are immune to poison.
You have an increased reservoir of magic. (+10% MP)
You shall have no god before yourself.
Your divine heritage dramatically boosts your attributes as you level up.
Your body sometimes deteriorates upon taking damage.


Message History

Space momentarily warps into an impossible shape!
You slash Frederick!
Frederick writhes in agony!
You barely miss the spellforged servitor.
The spellforged servitor is no longer covered in acid.
The spellforged servitor gestures at you while chanting.
The iron shot misses you.
Casting: Manifold Assault (mildly dangerous; 1% risk of failure)
Press: ? - help, Q - select action, (/) - cycle Dir - look around, f - activate Space momentarily warps into an impossible shape!
You slash the spellforged servitor! You miss Frederick.
Frederick points at you and mumbles some strange words.
The iron shot hits you!!!
Frederick is knocked back by the blast.
Casting: Manifold Assault (mildly dangerous; 1% risk of failure)
Press: ? - help, Q - select action, (/) - cycle Dir - look around, f - activate Space momentarily warps into an impossible shape!
You hit the spellforged servitor. You closely miss Frederick.
Frederick is no longer moving slowly.
Casting: Manifold Assault (mildly dangerous; 1% risk of failure)
Press: ? - help, Q - select action, (/) - cycle Dir - look around, f - activate Space momentarily warps into an impossible shape!
You hit Frederick but do no damage.
You hit the spellforged servitor but do no damage.
Frederick looks more healthy.
Frederick points at you and mumbles some strange words.
The iron shot hits you!!!!
* * * LOW HITPOINT WARNING * * *
Frederick is knocked back by the blast.
Casting: Manifold Assault (mildly dangerous; 1% risk of failure)
Press: ? - help, Q - select action, (/) - cycle Dir - look around, f - activate Space momentarily warps into an impossible shape!
You barely miss the spellforged servitor.
You slash Frederick!
Frederick writhes in agony.
The spellforged servitor mumbles some strange words.
The bolt of lightning hits you. You resist.
* * * LOW HITPOINT WARNING * * *
The fiery plasma hits you!! You resist.
You die...

################
#....9..........
#...(@I.........
#..#####'#######
#..# #...# ####
#..# #...###..#
#.@# #..###..(#
#..# #.###...##
#9.# #.##...##
#..# #.#).)##
#..# #..#.##


You could see Frederick and a spellforged servitor (summoned).

Vanquished Creatures
  Bai Suzhen (Vaults:2)
  Jorgrun (Spider:1)
  2 deep elf blademasters (Elf:2)
  Asterion (Spider:4)
  A deep elf master archer (Elf:3)
  2 sphinxes
  A tengu reaver (Vaults:2)
  Kirke (Lair:4)
  Roxanne (D:15)
  Donald (Swamp:3)
  Aizul (Swamp:2)
  A fenstrider witch (Swamp:3)
  A vault warden (Vaults:1)
  2 frost giants (IceCv)
  4 ghost moths
  2 orc warlords
  Louise (Swamp:3)
  8 deep elf sorcerers
  2 deep elf elementalists (Elf:3)
  6 emperor scorpions
  8 ironbound preservers
  The ghost of Savior361 the Fencer, a journeyman CoGl of Okawaru (Lair:2)
  A broodmother (Spider:3)
  4 ironbound thunderhulks
  6 deep elf death magi
  6 deep elf demonologists (Elf:3)
  An eleionoma (Swamp:2)
  10 dire elephants
  Azrael (Orc:2)
  5 bunyips
  A white draconian (IceCv)
  A spark wasp (Spider:4)
  4 deep elf annihilators (Elf:3)
  4 shambling mangroves
  A yaktaur captain (Vaults:1)
  11 hydras
  3 entropy weavers
  4 great orbs of eyes
  A rakshasa (D:15)
  11 vault guards
  3 deep elf high priests (Elf:3)
  5 ice dragons (IceCv)
  A jorogumo (Lair:3)
  17 ironbound frosthearts
  A catoblepas (Lair:5)
  A radroach (Spider:4)
  Erica (D:8)
  4 alligators
  3 centaur warriors
  2 ogre magi
  11 boulder beetles
  22 dancing weapons
  7 two-headed ogres
  11 death yaks
  3 tengu warriors
  A deep troll shaman (Lair:5)
  Urug (Lair:1)
  5 demonic crawlers
  A spriggan berserker (Swamp:4)
  4 orc high priests
  The ghost of Triskal the Cudgeller, a novice TrGl (D:8)
  Amaemon (D:9)
  8 deep elf knights
  2 skysharks (Lair:2)
  8 skeletal warriors
  4 pharaoh ants
  4 goliath frogs
  A glowing orange brain (D:15)
  A spriggan druid (Swamp:2)
  4 arcanists
  11 swamp dragons
  13 deep trolls
  9 bog bodies
  11 deep elf archers
  6 orb spiders
  5 ironbound convokers
  7 lindwurms
  An orange crystal statue (IceCv)
  A sun moth (Spider:4)
  Pikel (D:9)
  A harpy (shapeshifter) (D:15)
  17 deep elf pyromancers
  8 steelbarb worms
  3 necromancers
  4 orc sorcerers (Orc:1)
  20 deep elf zephyrmancers
  4 will-o-the-wisps
  6 orc knights
  13 ugly things
  26 wolf spiders
  4 cyclopes
  A moth of wrath (shapeshifter) (D:15)
  5 manticores
  4 moths of wrath
  A human zombie (Vaults:2)
  19 elephants
  6 meliai
  A stone giant skeleton (Vaults:2)
  A black mamba (shapeshifter) (Elf:1)
  3 kobold blastminers
  7 black mambas
  5 torpor snails
  A guardian serpent (D:13)
  7 vault sentinels
  12 cane toads
  4 molten gargoyles (D:9)
  An orange demon (D:9)
  A gargoyle (D:14)
  10 rime drakes
  3 kobold demonologists
  12 komodo dragons
  A tengu conjurer (D:12)
  A queen bee (shapeshifter) (Elf:1)
  Prince Ribbit (Bailey)
  20 polar bears
  A tyrant leech (Swamp:3)
  24 tarantellas
  A bloated husk (Swamp:3)
  8 trolls
  Grinder (D:3)
  4 dream sheep
  14 hornets
  6 blink frogs
  2 centaur simulacra
  3 air elementals
  Sigmund (D:2)
  24 jumping spiders
  2 shadows (D:11)
  21 culicivoras
  3 spriggans
  28 slime creatures
  19 humans
  2 wraiths
  3 water elementals
  5 fire elementals
  7 wargs
  3 wyverns
  Grum (D:8)
  2 basilisks (Lair:5)
  A hog (Lair:4)
  65 yaks
  48 redbacks
  7 vampire mosquitoes
  A steam dragon (Lair:1)
  An acid dragon (Orc:2)
  17 swamp worms
  16 water moccasins
  3 hell hounds (Orc:2)
  5 swamp drakes
  A black bear (D:5)
  5 boggarts (Vaults:2)
  2 ice beasts (D:5)
  39 orc warriors
  5 sky beasts
  14 wolves
  10 ogres
  A centaur (D:10)
  An elf simulacrum (Vaults:2)
  4 lemures (D:9)
  2 kobold brigands
  Blork the orc (D:5)
  3 gnoll sergeants
  34 bullfrogs
  4 scorpions
  9 killer bees
  3 electric eels
  3 howler monkeys
  4 bombardier beetles (D:5)
  8 hounds
  14 orc priests
  A gnoll bouda (D:6)
  3 jellies
  2 sleepcaps
  Terence (D:2)
  An iguana (D:9)
  18 orc wizards
  Robin (D:4)
  7 adders
  19 gnolls
  A shadow imp (D:6)
  2 white imps
  3 dart slugs
  2 ribbon worms
  83 orcs
  5 ball pythons
  5 bats
  13 endoplasms
  5 giant cockroaches
  25 goblins
  14 hobgoblins
  5 jackals
  3 quokkas
  7 frilled lizards
  15 kobolds
  6 rats
1323 creatures vanquished.

Vanquished Creatures (others)
  An angel (D:3)
  A deep elf zephyrmancer (Elf:2)
  A vampire (D:13)
  A water elemental (Elf:1)
  3 humans (Lair:4)
  An orc wizard (Orc:1)
  An orc (Orc:2)
  22 foxfires
31 creatures vanquished.

Grand Total: 1354 creatures vanquished

Notes
Turn   | Place    | Note
-------+----------+-------------------------------------------
     0 | D:1      | ragingrage the Demigod Brigand began the quest for the Orb.
     0 | D:1      | Reached XP level 1. HP: 17/17 MP: 3/3
    83 | D:1      | Reached skill level 1 in Dodging
   140 | D:1      | Reached XP level 2. HP: 24/24 MP: 4/4
   279 | D:1      | Reached XP level 3. HP: 28/29 MP: 5/5
   893 | D:2      | Found Caddirph's Assorted Antiques.
   927 | D:2      | Reached XP level 4. HP: 31/37 MP: 6/6
   934 | D:2      | Reached skill level 2 in Dodging
  1059 | D:2      | Noticed Terence
  1165 | D:2      | Learned a level 2 spell: Ensorcelled Hibernation
  1218 | D:2      | Noticed Sigmund
  1494 | D:2      | Killed Sigmund
  1495 | D:2      | Reached skill level 1 in Hexes
  1495 | D:2      | Reached skill level 1 in Ice Magic
  1495 | D:2      | Reached XP level 5. HP: 45/45 MP: 7/7
  1695 | D:2      | Killed Terence
  1696 | D:2      | Reached XP level 6. HP: 51/51 MP: 2/8
  1836 | D:3      | Noticed an angel
  1954 | D:3      | Killed an angel
  2063 | D:2      | Bought a copper wand for 112 gold pieces
  2237 | D:3      | Learned a level 3 spell: Confusing Touch
  2260 | D:3      | Noticed Grinder
  2404 | D:3      | You fall into a shaft and drop 2 floors!
  2404 | D:5      | Entered Level 5 of the Dungeon
  2428 | D:6      | Reached skill level 5 in Short Blades
  2586 | D:6      | Noticed a water moccasin
  2690 | D:5      | Reached XP level 7. HP: 50/57 MP: 9/9
  2843 | D:5      | Noticed Blork the orc
  3205 | D:4      | Noticed Robin
  3235 | D:4      | Killed Robin
  3982 | D:2      | Bought a scroll labelled ROFY NUTSAKLEU for 28 gold pieces
  3982 | D:2      | Bought a scroll labelled UGEVOU IMMO for 28 gold pieces
  4630 | D:3      | Paralysed by Grinder for 5 turns
  4637 | D:3      | Killed Grinder
  4638 | D:3      | Reached XP level 8. HP: 59/63 MP: 10/10
  5188 | D:5      | Reached skill level 1 in Spellcasting
  5432 | D:5      | Found Quuh Zir's Armour Shop.
  6191 | D:5      | Found Quuh Zir's Armour Shop.
  6217 | D:5      | Killed Blork the orc
  6390 | D:6      | Reached skill level 5 in Hexes
  7127 | D:7      | Reached XP level 9. HP: 69/69 MP: 10/13
  7212 | D:7      | Identified 2 scrolls of acquirement
  7214 | D:7      | Acquired a book of Battle
  7216 | D:7      | Acquired the +2 buckler "Yryeddo" {rF+ Will+}
  7238 | D:7      | Learned a level 3 spell: Ozocubu's Armour
  7428 | D:7      | Found a flagged portal.
  7465 | Bailey   | Entered a bailey
  7585 | Bailey   | Reached skill level 1 in Shields
  7796 | Bailey   | Reached skill level 10 in Short Blades
  7832 | Bailey   | Reached skill level 3 in Dodging
  8064 | Bailey   | Noticed Prince Ribbit
  8084 | Bailey   | Killed Prince Ribbit
  8194 | Bailey   | Noticed a vault guard
  8225 | Bailey   | Killed a vault guard
  8226 | Bailey   | Reached skill level 4 in Dodging
  8266 | Bailey   | Noticed a vault guard
  8316 | D:7      | Reached XP level 10. HP: 80/80 MP: 14/14
  8763 | D:7      | Found a staircase to the Ecumenical Temple.
  9062 | D:8      | Noticed Grum
  9068 | D:8      | Killed Grum
  9069 | D:8      | Reached skill level 5 in Fighting
  9069 | D:8      | Reached skill level 1 in Long Blades
  9127 | D:7      | Reached skill level 5 in Dodging
  9344 | D:8      | Noticed Erica
  9353 | D:8      | Killed Erica
  9639 | D:8      | Found a runed translucent door.
  9658 | D:8      | Noticed Triskal's ghost (novice TrGl)
  9718 | D:8      | Got the Essays on Geometric Cadavers
 10014 | D:8      | Reached skill level 5 in Long Blades
 10237 | D:9      | Identified the +5 ring mail of Qiruwunn {rElec}
 10640 | D:9      | Found a staircase to the Lair.
 11101 | D:9      | Reached XP level 11. HP: 68/86 MP: 15/15
 11643 | D:9      | Noticed Amaemon
 11660 | D:9      | Killed Amaemon
 11788 | D:9      | Noticed Pikel
 11808 | D:9      | Killed Pikel
 12106 | D:10     | Entered Level 10 of the Dungeon
 12389 | D:10     | Reached skill level 10 in Long Blades
 13234 | D:11     | Noticed a boulder beetle
 13251 | D:11     | Killed a boulder beetle
 13387 | D:11     | Found a gate leading to a gauntlet.
 13521 | D:11     | Noticed a two-headed ogre
 13530 | D:11     | Killed a two-headed ogre
 14042 | Lair:1   | Entered Level 1 of the Lair of Beasts
 14079 | Lair:1   | Noticed a boulder beetle
 14101 | Lair:1   | Killed a boulder beetle
 14396 | Lair:1   | Reached XP level 12. HP: 69/94 MP: 16/16
 14752 | Lair:1   | Found a large runed translucent door.
 14752 | Lair:1   | Found a large runed translucent door.
 14754 | Lair:1   | Found a runed translucent door.
 14755 | Lair:1   | Found a runed translucent door.
 14915 | Lair:1   | Noticed Urug
 15206 | Lair:1   | Killed Urug
 15207 | Lair:1   | Reached skill level 6 in Dodging
 15482 | Lair:2   | Reached skill level 7 in Dodging
 15510 | Lair:2   | Found a runed translucent door.
 15513 | Lair:2   | Noticed Savior361's ghost (journeyman CoGl)
 15513 | Lair:2   | Noticed a seven-headed hydra
 15783 | Lair:2   | Identified the +3 morningstar of Dawud {heavy, *Slow Fly
                  | rCorr Dex+4}
 15826 | Lair:2   | Reached skill level 8 in Dodging
 16120 | Lair:2   | Noticed a five-headed hydra
 16142 | Lair:2   | Killed a one-headed hydra
 16143 | Lair:2   | Reached skill level 9 in Dodging
 16264 | Lair:2   | Learned a level 4 spell: Manifold Assault
 16618 | Lair:2   | Reached skill level 1 in Translocations
 16845 | Lair:3   | Found a hole to the Spider Nest.
 16865 | Lair:3   | Reached skill level 1 in Armour
 17231 | Lair:3   | Noticed a four-headed hydra
 17244 | Lair:3   | Killed a one-headed hydra
 17245 | Lair:3   | Reached XP level 13. HP: 97/101 MP: 19/19
 17452 | Lair:3   | Found a staircase to the Swamp.
 18424 | Lair:4   | Noticed Kirke
 18547 | Lair:4   | Killed Kirke
 18623 | Lair:4   | Reached skill level 10 in Dodging
 19644 | Lair:5   | Entered Level 5 of the Lair of Beasts
 19838 | Lair:5   | Found a staircase to the Slime Pits.
 20201 | Lair:5   | Reached skill level 5 in Armour
 20318 | Lair:5   | Reached skill level 5 in Translocations
 20712 | Lair:5   | Learned a level 3 spell: Fugue of the Fallen
 20784 | Lair:5   | Reached XP level 14. HP: 113/113 MP: 22/22
 21400 | Lair:5   | Reached skill level 11 in Dodging
 22477 | D:12     | Reached skill level 12 in Dodging
 22477 | D:12     | Found a staircase to the Orcish Mines.
 22477 | D:12     | Found Ruxathrui's Weapon Emporium.
 23546 | Orc:1    | Entered Level 1 of the Orcish Mines
 23999 | Orc:2    | Entered Level 2 of the Orcish Mines
 24007 | Orc:2    | Noticed an orc warlord
 24396 | Orc:1    | Reached skill level 13 in Dodging
 24584 | Orc:2    | Killed an orc warlord
 24697 | Orc:2    | Found a staircase to the Elven Halls.
 24706 | Orc:2    | Found Sekycw's General Store.
 24719 | Orc:2    | Noticed Maurice
 24720 | Orc:2    | Maurice changed into Maurice the acid dragon
 24720 | Orc:2    | Noticed Maurice
 24729 | Orc:2    | Killed Maurice the acid dragon
 25254 | Orc:2    | Bought a +2 pair of boots of rampaging for 365 gold pieces
 25270 | Orc:2    | Found Caxoeqai's Antique Armour Boutique.
 25276 | Orc:2    | Gained mutation: Your body sometimes deteriorates upon
                  | taking damage. [a neqoxec]
 25303 | Orc:2    | Found Acionk's Jewellery Emporium.
 25617 | Orc:2    | Noticed Azrael
 25647 | Orc:2    | Reached skill level 14 in Dodging
 25684 | Orc:2    | Noticed an orc warlord
 25685 | Orc:2    | Killed Azrael
 25885 | Orc:2    | Found Siott's Antique Weapon Boutique.
 26323 | Orc:2    | Bought the amulet "Oxiseb" {Regen+ rCorr Int+6} for 717
                  | gold pieces
 26654 | D:13     | Reached XP level 15. HP: 121/121 MP: 1/25
 26998 | D:13     | Reached skill level 15 in Dodging
 27774 | D:13     | Found a gate to the Vaults.
 28108 | D:14     | Reached skill level 10 in Translocations
 28157 | D:14     | Found a portal to a secret trove of treasure.
 28328 | D:14     | Found Dauneh's Antique Weapon Shoppe.
 28918 | D:15     | Entered Level 15 of the Dungeon
 29482 | D:15     | Identified the +3 chain mail of Greater Demons {rElec rN+
                  | Str+2}
 29549 | D:15     | Noticed Nessos
 29552 | D:15     | Nessos changed into Nessos the komodo dragon
 29552 | D:15     | Noticed Nessos
 29555 | D:15     | Killed Nessos the komodo dragon
 29559 | D:15     | Reached skill level 1 in Necromancy
 30221 | D:15     | Noticed Roxanne
 30381 | D:15     | Reached skill level 1 in Evocations
 30387 | D:15     | Reached skill level 5 in Spellcasting
 30540 | D:15     | Found a staircase to the Depths.
 30968 | Swamp:1  | Entered Level 1 of the Swamp
 32172 | Lair:2   | Killed Savior361's ghost
 32407 | Swamp:2  | Found a transporter.
 32407 | Swamp:2  | Noticed Soafokuo's ghost (journeyman FeDe)
 32563 | Swamp:2  | You fall into a shaft and drop 1 floor!
 32813 | Swamp:3  | Found a glacial archway.
 32826 | IceCv    | Entered an ice cave
 33663 | IceCv    | Reached XP level 16. HP: 124/132 MP: 15/27
 33994 | IceCv    | Reached skill level 5 in Necromancy
 34137 | IceCv    | Reached skill level 10 in Fighting
 34137 | IceCv    | Reached skill level 5 in Evocations
 34301 | IceCv    | Got the Anthology of Frostbite
 34719 | Swamp:2  | Identified the serpent talisman of Stoicism {rF+}
 34719 | Swamp:2  | Noticed Aizul
 34734 | Swamp:2  | Killed Aizul
 35028 | Swamp:2  | Found a transporter.
 35781 | Swamp:3  | Noticed Louise
 35794 | Swamp:3  | Killed Louise
 36150 | Swamp:4  | Entered Level 4 of the Swamp
 36581 | Swamp:4  | Noticed Donald
 37202 | Swamp:3  | Killed Donald
 37887 | Swamp:4  | Got a decaying rune of Zot
 38364 | Spider:1 | Entered Level 1 of the Spider Nest
 38909 | Spider:1 | Noticed Jorgrun
 38928 | Spider:1 | Killed Jorgrun
 41204 | Spider:2 | Reached XP level 17. HP: 138/141 MP: 11/30
 42225 | Spider:3 | Reached skill level 1 in Shapeshifting
 42391 | Spider:3 | Reached skill level 10 in Evocations
 44472 | Spider:4 | Entered Level 4 of the Spider Nest
 44499 | Spider:4 | Noticed Asterion
 44755 | Spider:4 | Killed Asterion
 46014 | Spider:4 | Reached skill level 5 in Shapeshifting
 47407 | Spider:4 | Got a gossamer rune of Zot
 48048 | Elf:1    | Entered Level 1 of the Elven Halls
 48376 | Elf:1    | Paralysed by an air elemental for 1 turns
 48747 | Elf:1    | Found Wakyekhup's Magic Scroll Boutique.
 48915 | Elf:1    | Bought a scroll of summoning for 133 gold pieces
 48998 | Elf:1    | Reached XP level 18. HP: 154/154 MP: 8/31
 50178 | Elf:2    | Reached skill level 10 in Shapeshifting
 50336 | Elf:2    | Found a runed translucent gate.
 50337 | Elf:2    | Found a runed translucent gate.
 50337 | Elf:2    | Found a runed translucent gate.
 50363 | Elf:2    | Paralysed by an air elemental for 1 turns
 50983 | Elf:3    | Entered Level 3 of the Elven Halls
 53656 | Elf:3    | Identified the +5 short sword "Cyqeyw" {flame, rF+}
 53836 | Elf:3    | Identified the amulet of Rack {Spirit Regen+ rCorr Str+6
                  | Stlth-}
 55204 | Elf:3    | Got Sif Muna's Incunabulum of Congelation and the Door
 55242 | Elf:3    | Got the Quarto of Deathly Calefaction
 55248 | Elf:3    | Got the Atlas of Pneumatic Accomplices
 55261 | Elf:3    | Learned a level 5 spell: Borgnjor's Vile Clutch
 55265 | Elf:3    | Learned a level 3 spell: Passwall
 55508 | Vaults:1 | Entered Level 1 of the Vaults
 55659 | Vaults:1 | Reached skill level 1 in Earth Magic
 56490 | Vaults:1 | Got the Quarto of the Pyre and the Crater
 57401 | Vaults:1 | Reached XP level 19. HP: 160/160 MP: 32/32
 57623 | Vaults:1 | Found a runed translucent gate.
 57623 | Vaults:1 | Found a runed translucent gate.
 57623 | Vaults:1 | Found a runed translucent gate.
 58051 | Vaults:2 | Found a staircase to the Crypt.
 58421 | Vaults:2 | Identified the ring of Uskayaw's Favour {Fly rN+ rCorr
                  | EV+5}
 58635 | Vaults:2 | Found Toceca's Magic Scroll Shoppe.
 58641 | Vaults:2 | Bought a scroll of noise for 17 gold pieces
 58641 | Vaults:2 | Bought a scroll of noise for 17 gold pieces
 58641 | Vaults:2 | Bought a scroll of summoning for 161 gold pieces
 58653 | Vaults:2 | Reached skill level 16 in Dodging
 58675 | Vaults:2 | Noticed Bai Suzhen
 59225 | Vaults:2 | Noticed Mennas
 60084 | D:8      | Killed Triskal's ghost
 60470 | D:15     | Killed Roxanne
 60789 | Vaults:2 | Killed Bai Suzhen
 61187 | Vaults:3 | Identified the orb "Annibl Gekh" {*channel, rF+}
 61187 | Vaults:3 | Noticed Frederick
 61217 | Vaults:3 | Killed from afar by a spellforged servitor

Illustrated notes

Levels and vault maps discovered:
D:1:      eino_arrival_tree_alley, layout_basic, st_stairs_4
D:2:      layout_rooms, serial_shops, shop, uniq_terence, uniq_sigmund
D:3:      layout_basic, grunt_temple_overflow_order_and_chaos_1,
          mainiacjoe_overflow_brackets, grunt_decor_junction, uniq_grinder,
          uniq_crazy_yiuf_cottage
D:4:      layout_basic, uniq_robin
D:5:      black_bear_nest_1, layout_rooms, jmf_multi_god_temple, serial_shops,
          kennysheep_mini_moat, serial_glass, glass_columns_a, glass_columns_c,
          minmay_increasing_density, uniq_blork_the_orc
D:6:      layout_loops_ring
D:7:      layout_loops_corners, temple_statues, enter_bailey_3
D:8:      layout_cave_pools, amethyst_overflow_temple_binary,
          gammafunk_ghost_grave, kennysheep_doodads, nicolae_grassy_gnolls,
          uniq_grum, uniq_erica
D:9:      layout_basic, dpeg_lair_monsters, minivault_8, uniq_amaemon,
          uniq_pikel
D:10:     layout_loops_ring, nemelex_spade_bored_becter,
          nicolae_qazlal_style_of_elements
D:11:     layout_stronghold, gauntlet_entry_generic
D:12:     minmay_distorted_concentric_squares, layout_irregular_city,
          orc_david_3
D:13:     layout_basic, grunt_vaults_entry_tiered, serial_glass,
          glass_columns_b, glass_columns_b, hex_intersection,
          nrook_guardian_serpent_double
D:14:     layout_basic, serial_shops, shop, nicolae_trove_entry_free_sample,
          kennysheep_decorative_pillar
D:15:     gammafunk_enter_depths_forms, layout_irregular_city,
          minmay_misc_feat_ornament, uniq_roxanne, uniq_nessos
Lair:1:   layout_loops_ring, lemuel_fruit_fields, grunt_megastairs_4, uniq_urug
Lair:2:   layout_gridlike, ebering_ghost_inner_flame,
          infiniplex_staircase_pool_2, grunt_megastairs_2, lemuel_fruit_tree
Lair:3:   layout_concentric_octagons, mainiacjoe_swamp_entry_lozenge_pond,
          spider_nest_entry_webs
Lair:4:   layout_small_grid, nicolae_quartered_pool_impasse,
          grunt_forest_stairs_basic, uniq_kirke
Lair:5:   grunt_lair_end_beastmaster, layout_hall_layers,
          dpeg_slime_entry_corner, serial_bayou_lake_a
Swamp:1:  layout_falls_marsh, evilmike_swamp_ruin_rubble_1
Swamp:2:  layout_falls_marsh, gammafunk_ghost_mausoleum,
          evilmike_swamp_ruin_house_2, nicolae_swamp_orc_logging_accident,
          nicolae_swamp_feature_on_the_river_bank, infiniplex_staircase_pool,
          uniq_aizul
Swamp:3:  layout_falls_marsh, portal_ice_cave_entry_pillars_four,
          evilmike_swamp_ruin_house_1, swamp_pool_1_2, hangedman_swamp_diagram,
          nicolae_swamp_little_swirl, uniq_louise
Swamp:4:  swamp_alternative, layout_basic_swamp, swamp_pool_1_2, uniq_donald
Spider:1: layout_spider_delve, nicolae_spider_spiderdrome, uniq_jorgrun
Spider:2: layout_spider_delve
Spider:3: layout_spider_delve
Spider:4: grunt_spider_rune_parallel, uniq_asterion
Orc:1:    layout_caves, lightli_orcish_oven
Orc:2:    grunt_orc_gardens, layout_diamond_mine, grunt_orc_garden,
          grunt_orc_garden, grunt_orc_garden, grunt_orc_garden, uniq_azrael,
          uniq_maurice
Elf:1:    layout_geoelf_octagon, serial_shops, shop, minivault_28
Elf:2:    nicolae_elf_blades_crystal_corner, layout_loops_corners
Elf:3:    elf_hall, layout_onion_city
Vaults:1: nicolae_vaults_house_2, nicolae_vaults_storage_room_glass,
          nicolae_vaults_turnstiles, abrahamwl_protected_by_tso_1,
          nicolae_vaults_little_squares_4, vaults_room_grunt_arrival_checkpoint,
          hangedman_vaults_capsules, nicolae_vaults_apartment_2,
          vaults_dpeg_encased_lava, layout_vaults_chaotic_city
Vaults:2: v_rooms_4, nicolae_vaults_trapezoid_lopsided_3,
          vaults_room_glass_cross, ontoclasm_vaults_gateway,
          nicolae_vaults_storage_closets_3, ontoclasm_vaults_hangar, v_misc_1,
          nicolae_vaults_tangram_2, vaults_standard_mumra_enter_the_diamond,
          hangedman_vaults_hat, nicolae_vaults_layer_cake_slice,
          nicolae_vaults_network_periphery, nicolae_vaults_asterisk,
          vaults_room_stairs_pillars, nicolae_vaults_house_1,
          layout_vaults_maze_snakey, dummy_crypt_entry, serial_glass,
          serial_shops, shop, uniq_mennas, uniq_bai_suzhen
Vaults:3: vaults_dpeg_doors, nicolae_vaults_surprise_closet, v_misc_19,
          nicolae_vaults_sesquioval_fish, vaults_dpeg_ring,
          nicolae_vaults_three_branches, v_misc_9, v_misc_10,
          nicolae_vaults_security_offices_1, layout_vaults_omnigrid,
          serial_shops, shop, uniq_frederick

Skill      XL: |  1  2  3  4  5  6  7  8  9 10 11 12 13 14 15 16 17 18 19 |
---------------+----------------------------------------------------------+-----
Dodging        | 1 2 4 5 9 10 14 15 16 | 16.0
Short Blades   | 2 3 4 5 7 9 10 | 10.0
Fighting       | 2 3 4 5 7 8 9 10 12 | 12.0
Hexes          | 1 2 4 5 6 |  6.0
Ice Magic      | 1 2 4 |  4.0
Spellcasting   | 1 2 3 4 5 6 |  6.0
Shields        | 3 |  3.0
Long Blades    | 6 11 12 | 12.6
Translocations | 1 5 9 11 | 11.0
Armour         | 1 5 |  5.5
Necromancy     | 4 7 8 9 |  9.0
Evocations     | 4 9 10 | 10.0
Shapeshifting  | 9 12 14 | 14.2
Earth Magic    | 3 4 |  4.0
Throwing       | |  1.7
Stealth        | |  3.6

Action                     |  1- 3 |  4- 6 |  7- 9 | 10-12 | 13-15 | 16-18 | 19-21 || total
---------------------------+-------+-------+-------+-------+-------+-------+-------++-------
  Melee: Dagger            |   111 |   160 |    35 |    37 |     2 |     2 |       ||   347
         Short sword       |       |       |   344 |   165 |       |       |       ||   509
         Scimitar          |       |       |       |   680 |  1838 |  2367 |   390 ||  5275
         Cutlass           |       |       |       |       |       |     1 |       ||     1
  Throw: Dart              |       |     9 |     9 |    20 |    44 |    11 |     1 ||    94
         Throwing net      |       |       |     1 |     1 |       |     1 |     1 ||     4
   Cast: Ensorcelled Hiber |       |     5 |    70 |    48 |     4 |       |       ||   127
         Confusing Touch   |       |       |     1 |     1 |       |       |       ||     2
         Manifold Assault  |       |       |       |       |   176 |   672 |   118 ||   966
         Ozocubu's Armour  |       |       |       |       |     2 |       |       ||     2
         Fugue of the Fall |       |       |       |       |       |    22 |     5 ||    27
  Evoke: Wand              |       |       |       |     3 |    12 |    13 |     8 ||    36
         Tin of tremorston |       |       |       |       |     4 |     5 |     2 ||    11
         Lightning rod     |       |       |       |       |     3 |     4 |       ||     7
    Use: Scroll            |       |     3 |     8 |     6 |    15 |    12 |     1 ||    45
         Potion            |       |     2 |     1 |       |     2 |     2 |     1 ||     8
   Stab: Sleeping          |     5 |     7 |    46 |    21 |     7 |     3 |     4 ||    93
         Invisible         |       |     1 |       |       |       |       |       ||     1
         Held in net/web   |       |       |     1 |     2 |       |     1 |       ||     4
         Distracted        |       |       |     1 |     1 |     2 |     8 |       ||    12
         Confused          |       |       |       |     1 |     1 |       |       ||     2
         Paralysed         |       |       |       |       |       |     2 |       ||     2
 Armour: Robe              |    51 |    61 |   125 |    74 |       |       |       ||   311
         Ring mail         |       |       |       |   263 |   531 |   664 |    64 ||  1522
         Ice dragon scales |       |       |       |       |    17 |    58 |       ||    75
         Skin              |       |       |       |       |       |       |    28 ||    28
  Dodge: Dodged            |    72 |    61 |   129 |   281 |   874 |  1252 |   202 ||  2871
  Block: Other             |       |       |    17 |       |       |       |       ||    17
         Buckler           |       |       |    64 |   481 |   806 |   557 |    70 ||  1978
         Reflection        |       |       |       |     7 |    40 |       |       ||    47
   Form: Statue            |       |       |       |       |       |       |     1 ||     1

Table legend: (Time is in decaauts)
 A = Elapsed time spent in this place.
 B = Non-inter-level travel time spent in this place.
 C = Inter-level travel time spent in this place.
 D = Time resting spent in this place.
 E = Time spent auto-exploring this place.
 F = Levels seen in this place.
 G = Mean time per level.
                   A        B        C        D        E       F      G
               +--------+--------+--------+--------+--------+-----+--------+
         Total |  60586 |  55877 |   4709 |  13724 |  31903 |  38 | 1594.4 |
       Dungeon |  20302 |  18185 |   2117 |   3135 |  11357 |  15 | 1353.5 |
          Lair |   8421 |   7749 |    672 |   2004 |   3934 |   5 | 1684.2 |
         Swamp |   5991 |   5634 |    357 |   1696 |   3167 |   4 | 1497.8 |
   Spider Nest |   8534 |   8057 |    477 |   1282 |   5742 |   4 | 2133.5 |
  Orcish Mines |   2672 |   2357 |    315 |    833 |    730 |   2 | 1336.0 |
   Elven Halls |   7255 |   7042 |    213 |   2615 |   3571 |   3 | 2418.3 |
        Vaults |   5126 |   4570 |    556 |   1056 |   2808 |   3 | 1708.7 |
        Bailey |    778 |    778 |      0 |    441 |     57 |   1 |  778.0 |
      Ice Cave |   1504 |   1504 |      0 |    659 |    535 |   1 | 1504.0 |
               +--------+--------+--------+--------+--------+-----+--------+

Top non-repeatable levels by time:
   Elf:3: 3589 daAuts
Vaults:1: 2900 daAuts
Spider:4: 2851 daAuts
Spider:3: 2456 daAuts
 Swamp:3: 2446 daAuts
  Lair:5: 2175 daAuts
    D:15: 2046 daAuts
   Elf:2: 1999 daAuts
  Lair:3: 1974 daAuts
Vaults:2: 1941 daAuts
Spider:2: 1903 daAuts
     D:9: 1902 daAuts
     D:5: 1780 daAuts
    D:13: 1780 daAuts
    D:11: 1779 daAuts
